ITL
BLUEVILLE 83'S @ TUSCALOOSA TROUT SLAYERS
09/01/2027
 
TOP OF THE 1ST
Blueville 83's batting - Pitching for Tuscaloosa Trout Slayers : RHP Fernando Rodríguez
Pitching: RHP Fernando Rodríguez
Batting: SHB Caden Keith 0-0: Called Strike
0-1: SINGLE (Groundball, 56D)
Batting: RHB Kuniaki Kawashima 0-0: Ball
1-0: Swinging Strike
1-1: Swinging Strike
1-2: Ball
2-2: Ball
Caden Keith steals 2nd base
3-2: Base on Balls
Batting: LHB Roberto Trujillo 0-0: Ball
1-0: Ball
Caden Keith steals 3rd base
Kuniaki Kawashima to second
2-0: Ball
3-0: Called Strike
3-1: Swinging Strike
3-2: Ground out 4-3 (Groundball, 4)
Caden Keith scores
Kuniaki Kawashima to third
Batting: SHB Jack Fountain 0-0: Swinging Strike
0-1: Swinging Strike
0-2: Foul Ball, location: 2F
0-2: Ball
1-2: Fly out, F7 (Flyball, 78S)
Runner from 3rd tags up, SCORES, no throw
Batting: RHB Matt Perkins 0-0: Fly out, F9 (Flyball, 9S)
Top of the 1st over - 2 run(s), 1 hit(s), 0 error(s), 0 left on base; Blueville 2 - Tuscaloosa 0
BOTTOM OF THE 1ST
Tuscaloosa Trout Slayers batting - Pitching for Blueville 83's : RHP Gary Grimes
Pitching: RHP Gary Grimes
Batting: RHB Kurt Walter 0-0: Called Strike
0-1: Foul Ball, location: 2F
0-2: Ball
1-2: SINGLE (Line Drive, 89S)
Batting: RHB Pat Fullerton 0-0: Swinging Strike
0-1: Ball
1-1: Fly out, F5 (Line Drive, 5)
Batting: LHB Ed Hart 0-0: Ball
1-0: Swinging Strike
1-1: Ball
2-1: Foul Ball, location: 2F
2-2: SINGLE (Line Drive, 8RS)
Kurt Walter to second
Runner from 2nd tries for 3rd, SAFE, throw made to third
Batting: LHB António Cedeño 0-0: Ball
1-0: Called Strike
1-1: Called Strike
1-2: Foul Ball, location: 2F
1-2: Ball
2-2: Fly out, F4 (Popup, 4D)
Batting: RHB Ben Morton 0-0: Ball
1-0: Foul Ball, location: 2F
1-1: Ball
2-1: Ball
3-1: Foul Ball, location: 2F
3-2: Strikes out looking
Bottom of the 1st over - 0 run(s), 2 hit(s), 0 error(s), 2 left on base; Blueville 2 - Tuscaloosa 0
TOP OF THE 2ND
Blueville 83's batting - Pitching for Tuscaloosa Trout Slayers : RHP Fernando Rodríguez
Batting: LHB Ricardo Romero 0-0: Foul Ball, location: 2F
0-1: Fly out, F7 (Flyball, 7LS)
Batting: LHB Ron Robinson 0-0: Ball
1-0: Ground out 1-3 (Groundball, 13)
Batting: LHB Vincente Sáenz 0-0: Ball
1-0: Foul Ball, location: 2F
1-1: Foul Ball, location: 2F
1-2: Ground out 4-3 (Groundball, 4S)
Top of the 2nd over - 0 run(s), 0 hit(s), 0 error(s), 0 left on base; Blueville 2 - Tuscaloosa 0
BOTTOM OF THE 2ND
Tuscaloosa Trout Slayers batting - Pitching for Blueville 83's : RHP Gary Grimes
Batting: LHB Marcos Villarreal 0-0: Foul Ball, location: 2F
0-1: Swinging Strike
0-2: Ball
1-2: Foul Ball, location: 2F
1-2: Ball
2-2: Foul Ball, location: 2F
2-2: Fly out, F8 (Flyball, 8RM)
Batting: RHB Shigemasa Ishida 0-0: Ball
1-0: Swinging Strike
1-1: Ball
2-1: Swinging Strike
2-2: SINGLE (Flyball, 89S)
Batting: RHB Tetsunori Ito 0-0: Called Strike
0-1: SINGLE (Line Drive, 6MD)
Shigemasa Ishida to second
Batting: RHB José Ortega 0-0: Called Strike
0-1: Called Strike
0-2: Grounds into double play, 4-6-3 (Groundball, 4)
Bottom of the 2nd over - 0 run(s), 2 hit(s), 0 error(s), 1 left on base; Blueville 2 - Tuscaloosa 0
TOP OF THE 3RD
Blueville 83's batting - Pitching for Tuscaloosa Trout Slayers : RHP Fernando Rodríguez
Batting: RHB Barney Lawson 0-0: Ball
1-0: Ball
2-0: Called Strike
2-1: Ball
3-1: Called Strike
3-2: TRIPLE (Flyball, 8LD)
Batting: SHB Caden Keith 0-0: Foul Ball, location: 2F
0-1: Ball
1-1: Foul Ball, location: 2F
1-2: Foul Ball, location: 2F
1-2: Ball
2-2: Ball
3-2: Ground out 4-3 (Groundball, 4S)
Barney Lawson scores
Batting: RHB Kuniaki Kawashima 0-0: Ground out 5-3 (Groundball, 56)
Batting: LHB Roberto Trujillo 0-0: Ball
1-0: Fly out, F6 (Flyball, 6D)
Top of the 3rd over - 1 run(s), 1 hit(s), 0 error(s), 0 left on base; Blueville 3 - Tuscaloosa 0
BOTTOM OF THE 3RD
Tuscaloosa Trout Slayers batting - Pitching for Blueville 83's : RHP Gary Grimes
Batting: RHB Kurt Walter 0-0: Called Strike
0-1: Ball
1-1: Ball
2-1: Foul Ball, location: 2F
2-2: Foul Ball, location: 2F
2-2: Strikes out swinging
Batting: RHB Pat Fullerton 0-0: Called Strike
0-1: Ball
1-1: Foul Ball, location: 2F
1-2: Strikes out swinging
Batting: LHB Ed Hart 0-0: Called Strike
0-1: Called Strike
0-2: Ball
1-2: Fly out, F7 (Flyball, 78S)
Bottom of the 3rd over - 0 run(s), 0 hit(s), 0 error(s), 0 left on base; Blueville 3 - Tuscaloosa 0
TOP OF THE 4TH
Blueville 83's batting - Pitching for Tuscaloosa Trout Slayers : RHP Fernando Rodríguez
Batting: SHB Jack Fountain 0-0: Foul Ball, location: 2F
0-1: Ball
1-1: Ball
2-1: Called Strike
2-2: Fly out, F6 (Popup, 56D)
Batting: RHB Matt Perkins 0-0: Ground out 5-3 (Groundball, 56S)
Batting: LHB Ricardo Romero 0-0: Ball
1-0: Swinging Strike
1-1: Fly out, F7 (Line Drive, 7)
Top of the 4th over - 0 run(s), 0 hit(s), 0 error(s), 0 left on base; Blueville 3 - Tuscaloosa 0
BOTTOM OF THE 4TH
Tuscaloosa Trout Slayers batting - Pitching for Blueville 83's : RHP Gary Grimes
Batting: LHB António Cedeño 0-0: SOLO HOME RUN (Line Drive, 9LD), Distance : 370 ft
Batting: RHB Ben Morton 0-0: Called Strike
0-1: Ball
1-1: Ball
2-1: Ball
3-1: Foul Ball, location: 2F
3-2: DOUBLE (Flyball, 9LM)
Batting: LHB Marcos Villarreal 0-0: Called Strike
0-1: Foul Ball, location: 2F
0-2: Ball
1-2: Ball
2-2: Strikes out looking
Batting: RHB Shigemasa Ishida 0-0: Called Strike
0-1: Called Strike
0-2: Foul Ball, location: 2F
0-2: Strikes out swinging
Batting: RHB Tetsunori Ito 0-0: Called Strike
0-1: Foul Ball, location: 2F
0-2: Ball
1-2: Foul Ball, location: 2F
1-2: Strikes out looking
Bottom of the 4th over - 1 run(s), 2 hit(s), 0 error(s), 1 left on base; Blueville 3 - Tuscaloosa 1
TOP OF THE 5TH
Blueville 83's batting - Pitching for Tuscaloosa Trout Slayers : RHP Fernando Rodríguez
Batting: LHB Ron Robinson 0-0: Ball
1-0: Ball
2-0: Fly out, F8 (Flyball, 8RD)
Batting: LHB Vincente Sáenz 0-0: Called Strike
0-1: Foul Ball, location: 2F
0-2: Ball
1-2: Ball
2-2: SINGLE (Groundball, 4MD)
Batting: RHB Barney Lawson 0-0: SINGLE (Line Drive, 6D)
Vincente Sáenz to second
Batting: SHB Caden Keith 0-0: Swinging Strike
0-1: Ball
1-1: Ball
2-1: Called Strike
2-2: Foul Ball, location: 2F
2-2: Foul Ball, location: 2F
2-2: Foul Ball, location: 2F
2-2: Strikes out looking
Batting: RHB Kuniaki Kawashima 0-0: Ball
1-0: SINGLE (Line Drive, 6M)
Vincente Sáenz to third
Barney Lawson to second
Runner from 3rd tries for Home, SAFE, no throw
Batting: LHB Roberto Trujillo 0-0: Foul Ball, location: 2F
0-1: Ball
1-1: SINGLE (Groundball, 3D)
Barney Lawson to third
Kuniaki Kawashima to second
Runner from 3rd tries for Home, SAFE, throw made home
Kuniaki Kawashima to third
Roberto Trujillo to second
Pitching: RHP Keith Elkins
Batting: SHB Jack Fountain 0-0: Ball
1-0: Ground out 4-3 (Groundball, 4)
Top of the 5th over - 2 run(s), 4 hit(s), 0 error(s), 2 left on base; Blueville 5 - Tuscaloosa 1
BOTTOM OF THE 5TH
Tuscaloosa Trout Slayers batting - Pitching for Blueville 83's : RHP Gary Grimes
Batting: RHB José Ortega 0-0: Foul Ball, location: 2F
0-1: Foul Ball, location: 2F
0-2: Strikes out looking
Batting: RHB Kurt Walter 0-0: Ball
1-0: Called Strike
1-1: Called Strike
1-2: SINGLE (Groundball, 34D)
Pitching: RHP Félix Rivera
Batting: RHB Pat Fullerton 0-0: Called Strike
0-1: Ball
1-1: Foul Ball, location: 2F
1-2: Ball
2-2: Ball
3-2: Foul Ball, location: 2F
3-2: Foul Ball, location: 2F
3-2: Ground out 6-3 (Groundball, 6S)
Kurt Walter to second
Batting: LHB Ed Hart 0-0: Called Strike
0-1: Fly out, F9 (Flyball, 9S)
Bottom of the 5th over - 0 run(s), 1 hit(s), 0 error(s), 1 left on base; Blueville 5 - Tuscaloosa 1
TOP OF THE 6TH
Blueville 83's batting - Pitching for Tuscaloosa Trout Slayers : RHP Keith Elkins
Batting: RHB Matt Perkins 0-0: Ball
1-0: Foul Ball, location: 2F
1-1: Foul Ball, location: 2F
1-2: Strikes out looking
Batting: LHB Ricardo Romero 0-0: Ball
1-0: Called Strike
1-1: SINGLE (Flyball, 8LS) - OUT at second base trying to stretch hit.
Batting: LHB Ron Robinson 0-0: Ball
1-0: Ball
2-0: Ball
3-0: Called Strike
3-1: Ground out 3-1 (Groundball, 34)
Top of the 6th over - 0 run(s), 1 hit(s), 0 error(s), 0 left on base; Blueville 5 - Tuscaloosa 1
BOTTOM OF THE 6TH
Tuscaloosa Trout Slayers batting - Pitching for Blueville 83's : RHP Félix Rivera
Batting: LHB António Cedeño 0-0: Ball
1-0: Foul Ball, location: 2F
1-1: Ball
2-1: SOLO HOME RUN (Flyball, 89XD), Distance : 404 ft
Batting: RHB Ben Morton 0-0: Foul Ball, location: 2F
0-1: Swinging Strike
0-2: Fly out, F6 (Popup, 6)
Batting: LHB Marcos Villarreal 0-0: Swinging Strike
0-1: Ball
1-1: SINGLE (Groundball, 34D)
Batting: RHB Shigemasa Ishida 0-0: Ball
1-0: Foul Ball, location: 2F
1-1: Foul Ball, location: 2F
1-2: Strikes out swinging
Pitching: LHP Pierre Dumont
Batting: RHB Tetsunori Ito 0-0: Ball
1-0: Foul Ball, location: 2F
1-1: Ball
2-1: Swinging Strike
2-2: Ground out 1-3 (Groundball, 15S)
Bottom of the 6th over - 1 run(s), 2 hit(s), 0 error(s), 1 left on base; Blueville 5 - Tuscaloosa 2
TOP OF THE 7TH
Blueville 83's batting - Pitching for Tuscaloosa Trout Slayers : RHP Keith Elkins
Batting: LHB Vincente Sáenz 0-0: Ball
1-0: Called Strike
1-1: Ball
2-1: Foul Ball, location: 2F
2-2: Ball
3-2: DOUBLE (Groundball, 3L)
Batting: RHB Barney Lawson 0-0: Ball
1-0: Fly out, F9 (Flyball, 9S)
Batting: SHB Caden Keith 0-0: Intentional Walk
Pitching: LHP Aaron Gibbs
Batting: RHB Kuniaki Kawashima 0-0: Called Strike
0-1: Ball
1-1: Foul Ball, location: 2F
1-2: Ball
2-2: Fly out, F7 (Flyball, 78S)
Batting: LHB Roberto Trujillo 0-0: Ball
1-0: Ball
2-0: Called Strike
2-1: Called Strike
2-2: Foul Ball, location: 2F
2-2: Fly out, F7 (Flyball, 7S)
Top of the 7th over - 0 run(s), 1 hit(s), 0 error(s), 2 left on base; Blueville 5 - Tuscaloosa 2
BOTTOM OF THE 7TH
Tuscaloosa Trout Slayers batting - Pitching for Blueville 83's : LHP Pierre Dumont
Batting: RHB José Ortega 0-0: Ball
1-0: Ground out 6-3 (Groundball, 6M)
Batting: RHB Kurt Walter 0-0: Ball
1-0: Fly out, F7 (Flyball, 7)
Batting: RHB Pat Fullerton 0-0: Ball
1-0: Called Strike
1-1: Called Strike
1-2: Ball
2-2: Foul Ball, location: 2F
2-2: Ball
3-2: SINGLE (Groundball, 6MD)
Batting: LHB Ed Hart 0-0: Ball
1-0: Ball
2-0: Ground out 1-3 (Groundball, 13S)
Bottom of the 7th over - 0 run(s), 1 hit(s), 0 error(s), 1 left on base; Blueville 5 - Tuscaloosa 2
TOP OF THE 8TH
Blueville 83's batting - Pitching for Tuscaloosa Trout Slayers : LHP Aaron Gibbs
Batting: SHB Jack Fountain 0-0: Ball
1-0: Ball
2-0: Ball
3-0: Base on Balls
Batting: RHB Matt Perkins 0-0: Fielders Choice at 2nd, 5-4 (Groundball, 56)
Batting: LHB Ricardo Romero 0-0: Ball
1-0: Fly out, F9 (Flyball, 9D)
Batting: LHB Ron Robinson 0-0: Called Strike
0-1: Ball
1-1: Fielders Choice at 2nd, U6 (Groundball, 6M)
Top of the 8th over - 0 run(s), 0 hit(s), 0 error(s), 1 left on base; Blueville 5 - Tuscaloosa 2
BOTTOM OF THE 8TH
Tuscaloosa Trout Slayers batting - Pitching for Blueville 83's : LHP Pierre Dumont
Batting: LHB António Cedeño 0-0: Ball
1-0: Ball
2-0: Foul Ball, location: 2F
2-1: Ball
3-1: Base on Balls
Batting: RHB Ben Morton 0-0: Called Strike
0-1: Called Strike
0-2: Grounds into double play, 6-4-3 (Groundball, 6)
Batting: LHB Marcos Villarreal 0-0: Called Strike
0-1: Ball
1-1: Swinging Strike
1-2: Foul Ball, location: 2F
1-2: SINGLE (Groundball, 56D)
Pitching: RHP José Becerra
Batting: RHB Shigemasa Ishida 0-0: Foul Ball, location: 2F
0-1: Ball
1-1: Ball
2-1: Swinging Strike
2-2: Foul Ball, location: 2F
2-2: Strikes out swinging
Bottom of the 8th over - 0 run(s), 1 hit(s), 0 error(s), 1 left on base; Blueville 5 - Tuscaloosa 2
TOP OF THE 9TH
Blueville 83's batting - Pitching for Tuscaloosa Trout Slayers : LHP Aaron Gibbs
Batting: LHB Vincente Sáenz 0-0: Ball
1-0: Called Strike
1-1: Foul Ball, location: 2F
1-2: Ball
2-2: Strikes out looking
Batting: RHB Barney Lawson 0-0: Ball
1-0: Fly out, F9 (Line Drive, 9S)
Batting: SHB Caden Keith 0-0: Ground out 6-3 (Groundball, 6)
Top of the 9th over - 0 run(s), 0 hit(s), 0 error(s), 0 left on base; Blueville 5 - Tuscaloosa 2
BOTTOM OF THE 9TH
Tuscaloosa Trout Slayers batting - Pitching for Blueville 83's : RHP José Becerra
Pitching: RHP Ernesto Germán
Batting: RHB Tetsunori Ito 0-0: Called Strike
0-1: Swinging Strike
0-2: Strikes out swinging
Batting: RHB José Ortega 0-0: Ball
1-0: Swinging Strike
1-1: SOLO HOME RUN (Flyball, 7D), Distance : 363 ft
Batting: RHB Kurt Walter 0-0: Ball
1-0: Ball
2-0: Foul Ball, location: 2F
2-1: Swinging Strike
2-2: Ball
3-2: Foul Ball, location: 2F
3-2: Base on Balls
Pinch Hitting: LHB Miguel Rosa 0-0: Ball
1-0: Fly out, F8 (Flyball, 8RM)
Batting: LHB Ed Hart 0-0: Ball
1-0: Swinging Strike
1-1: Called Strike
1-2: Ball
2-2: Ball
3-2: Foul Ball, location: 2F
3-2: Foul Ball, location: 2F
3-2: Strikes out looking
Bottom of the 9th over - 1 run(s), 1 hit(s), 0 error(s), 1 left on base; Blueville 5 - Tuscaloosa 3
Thursday, March 30th, 2017 - OOTP Baseball 17.12 Build 75